 Dungeon Crawl Stone Soup version 0.24.1-11-gbbbb2193e6 (webtiles) character file.

Game seed: 13154921147734225210, levelgen mode: deterministic

49 Kaiern the Shooter (level 3, -2/31 HPs)
             Began as a Minotaur Hunter on May 11, 2020.
             Slain by a gnoll
             ... wielding a cursed -1 spear
              (5 damage)
             ... on level 2 of the Dungeon.
             The game lasted 00:07:51 (1258 turns).

Kaiern the Shooter (Minotaur Hunter)                Turns: 1258, Time: 00:07:51

Health: -2/31      AC:  9    Str: 17    XL:     3   Next: 51%
Magic:  11/11      EV:  4    Int:  8    God:
Gold:   67         SH:  0    Dex: 10    Spells: 2/2 levels left

rFire    . . .     SeeInvis .   q - +0 mace
rCold    . . .     Gourm    .   (no shield)
rNeg     . . .     Faith    .   m - +0 chain mail
rPois    +         Spirit   .   (helmet restricted)
rElec    .         Reflect  .   l - +0 cloak
rCorr    .         Harm     .   (no gloves)
MR       .....                  (no boots)
Stlth    ..........             (no amulet)
HPRegen  0.10/turn              g - ring of poison resistance
MPRegen  0.12/turn              h - ring of magical power

@: held
A: retaliatory headbutt, horns 2
a: no special abilities


You were on level 2 of the Dungeon.
You were not hungry.

You visited 1 branch of the dungeon, and saw 2 of its levels.

You collected 67 gold pieces.

Inventory:

Hand Weapons
 a - a +1 shortbow
 q - a +0 mace (weapon)
Missiles
 d - 62 arrows
 r - 3 poisoned darts
Armour
 l - a +0 cloak (worn)
 m - a +0 chain mail (worn)
Jewellery
 g - a ring of poison resistance (left hand)
 h - a ring of magical power (right hand)
Scrolls
 b - a scroll of amnesia {unknown}
 c - a scroll of magic mapping {unknown}
 e - a scroll of fog {unknown}
 n - 2 scrolls of identify {unknown}
 o - a scroll of blinking {unknown}
Potions
 i - a potion of agility {unknown}
 k - a potion of invisibility {unknown}
 p - a potion of mutation {unknown}
Comestibles
 f - 3 rations
 j - 3 chunks of flesh


   Skills:
 + Level 3.3 Fighting
 + Level 4.9 Bows
 + Level 3.0 Dodging
 - Level 0.7 Stealth


You had 2 spell levels left.
You didn't know any spells.
Your spell library was empty.

Dungeon Overview and Level Annotations

Branches:
Dungeon (2/15)

Altars:


Innate Abilities, Weirdness & Mutations

You reflexively headbutt those who attack you in melee.
You have a pair of horns on your head.


Message History

You kill the jackal!
The gnoll hits you but does no damage. x2
The gnoll hits you with a cursed -1 spear.
You closely miss the gnoll.
You headbutt the gnoll, but do no damage.
The gnoll hits you but does no damage.
You barely miss the gnoll.
The gnoll hits you with a cursed -1 spear.
* * * LOW HITPOINT WARNING * * *
The gnoll hits you with a cursed -1 spear.
* * * LOW HITPOINT WARNING * * *
The gnoll barely misses you.
The gnoll throws a throwing net.
The throwing net hits you.
You become entangled in the net!
You see here a throwing net.
You tear a large gash into the net.
You struggle against the net.
The gnoll hits you but does no damage.
You struggle against the net.
The gnoll hits you from afar with a cursed -1 spear.
You die...

#. #.# #. #.# #. #.
#.# #.# #.##.## #.#
#.#...## #.#
####...#..# #.#
####.....###.# #.#
##.÷)......#..#
#.#####@..#.##.....##
#..†gg..#.#.##..####
# #..####...#.##..#
#####.#..#
#####.##†)#
.?.h.....# #.##..#
#####.##.#
######.##..# ... #.#
#..........# #.## #g#
#.###......# # #.#
#........#.#


You could see 2 gnolls.

Vanquished Creatures
  An adder (D:2)
  A dart slug (D:1)
  3 leopard geckos
  A ball python (D:1)
  3 bats (D:1)
  A giant cockroach (D:2)
  A hobgoblin (D:1)
  4 jackals (D:2)
  3 frilled lizards
  9 goblins
  3 kobolds
  3 rats
33 creatures vanquished.

Notes
Turn   | Place    | Note
-------+----------+-------------------------------------------
     0 | D:1      | Kaiern the Minotaur Hunter began the quest for the Orb.
     0 | D:1      | Reached XP level 1. HP: 18/18 MP: 0/0
   206 | D:1      | Reached XP level 2. HP: 25/25 MP: 1/1
   876 | D:2      | Reached XP level 3. HP: 31/31 MP: 2/2
  1258 | D:2      | Slain by a gnoll

Levels and vault maps discovered:
D:1:      ncdulo_wetmaze, layout_rooms, kennysheep_doodads, minmay_tromino_mix6
D:2:      layout_loops_ring, lexackson_kobold_supper

Skill      XL: |  1  2  3 |
---------------+----------+-----
Fighting       | 3 |  3.3
Dodging        | 3 |  3.0
Bows           | |  4.9
Stealth        | |  0.7

Action                   || total
-------------------------++-------
Melee: Short sword       ||    49
       Mace              ||    41
       Headbutt          ||    13
Throw: Stone             ||     1
       Dart              ||     1
  Eat: Chunk             ||     1
Armor: Leather armour    ||     7
       Chain mail        ||    45
Dodge: Dodged            ||    63
